 Dungeon Sprint DCSS version 0.31-a0-986-g5e6e4ef867 (webtiles) character file.

Game seed: 16774085516359073228

648 BigDaddyOpFi the Octopoid Cataclysm (level 11, -2/8 HPs)
             Began as an Octopode Fighter on Nov 3, 2023.
             Was a High Priest of Qazlal.
             Slain by a rust devil (10 damage)
             ... in the Dungeon (Sprint VI: "Thunderdome").
             The game lasted 00:05:41 (849 turns).

BigDaddyOpFi the Octopoid Cataclysm (OpFi)           Turns: 849, Time: 00:05:41

Health: -2/8       AC:  2    Str: 27    XL:     11   Next: 13%
Magic:  40/40      EV: 21    Int: 19    God:    Qazlal [*****.]
Gold:   5          SH:  7    Dex: 25    Spells: 10/10 levels left

rFire   + . .        a - melded +0 war axe
rCold   + . .        e - melded +2 tower shield {rC+}
rNeg    . . .        (helmet currently unavailable)
rPois   ∞            p - amulet of Pudoag Olig {Regen+ Str-5 Int+2 Dex+5}
rElec   +            n - ring "Nihuq" {Will+ Dex+7 Slay+6 Stlth-}
rCorr   .            o - ring of Abitacs {rF- AC+4 Str+6 SInv}
SInv    +            q - ring "Xecw" {Will+ AC+4}
Will    ++...        r - ring of the Morning {rF+ Will+ Str+3}
Stlth   +            s - ring of the Shining Light {Str+3 Int+6 SInv}
HPRegen 1.01/turn    t - ring of Pojuntel {rF+ MP+9 Dex+2}
MPRegen 0.27/turn    u - ring "Etuu" {Fly rC+ MP+9}
                     v - ring of Immorality {+Blink rElec rPois Will- Slay+4}

%: no teleportation, repel missiles
@: storm-form, corroded, flying, studying Invocations
A: cleaving, insubstantial, flying, reduced hp, almost no armour, amphibious, 8
rings, (camouflage 1), (gelatinous body 1), (nimble swimmer 1), (tentacles)
}: 1/15 runes: decaying
a: Blinkbolt, Begin Untransformation, Renounce Religion, Evoke Blink, Upheaval,
Elemental Force, Disaster Area


You were in the Dungeon.
You worshipped Qazlal.
Qazlal was extremely pleased with you.
You were a lightning-filled tempest!
You visited 1 branch You collected 970 gold pieces.
You spent 965 gold pieces at shops.

Inventory:

Hand Weapons
 a - a +0 war axe (melded)
Armour
 b - a +0 buckler
 e - a +2 tower shield of cold resistance (melded)
Jewellery
 n - the ring "Nihuq" (left tentacle) {Will+ Dex+7 Slay+6 Stlth-}
   (You bought it in a shop in the Dungeon)

   [ring of willpower]

   Dex+7:     It affects your dexterity (+7).
   Slay+6:    It affects your accuracy & damage with ranged weapons and melee
   (+6).
   Will+:     It increases your willpower.
   Stlth-:    It makes you less stealthy.
 o - the ring of Abitacs (right tentacle) {rF- AC+4 Str+6 SInv}
   (You bought it in a shop in the Dungeon)

   [ring of protection]

   AC+4:      It affects your AC (+4).
   Str+6:     It affects your strength (+6).
   rF-:       It makes you vulnerable to fire.
   SInv:      It lets you see invisible.
 p - the amulet of Pudoag Olig (around neck) {Regen+ Str-5 Int+2 Dex+5}
   (You bought it in a shop in the Dungeon)

   [amulet of regeneration]

   Str-5:     It affects your strength (-5).
   Int+2:     It affects your intelligence (+2).
   Dex+5:     It affects your dexterity (+5).
   Regen+:    It increases your rate of health regeneration.
 q - the ring "Xecw" (on tentacle) {Will+ AC+4}
   (You bought it in a shop in the Dungeon)

   [ring of protection]

   AC+4:      It affects your AC (+4).
   Will+:     It increases your willpower.
 r - the ring of the Morning (on tentacle) {rF+ Will+ Str+3}
   (You bought it in a shop in the Dungeon)

   [ring of willpower]

   Str+3:     It affects your strength (+3).
   rF+:       It protects you from fire.
   Will+:     It increases your willpower.
 s - the ring of the Shining Light (on tentacle) {Str+3 Int+6 SInv}
   (You bought it in a shop in the Dungeon)

   [ring of intelligence]

   Str+3:     It affects your strength (+3).
   Int+6:     It affects your intelligence (+6).
   SInv:      It lets you see invisible.
 t - the ring of Pojuntel (on tentacle) {rF+ MP+9 Dex+2}
   (You bought it in a shop in the Dungeon)

   [ring of magical power]

   Dex+2:     It affects your dexterity (+2).
   rF+:       It protects you from fire.
   MP+9:      It affects your magic capacity (+9).
 u - the ring "Etuu" (on tentacle) {Fly rC+ MP+9}
   (You bought it in a shop in the Dungeon)

   [ring of flight]

   rC+:       It protects you from cold.
   MP+9:      It affects your magic capacity (+9).
   Fly:       It grants you flight.
 v - the ring of Immorality (on tentacle) {+Blink rElec rPois Will- Slay+4}
   (You bought it in a shop in the Dungeon)

   [ring of slaying]

   Slay+4:    It affects your accuracy & damage with ranged weapons and melee
   (+4).
   rElec:     It insulates you from electricity.
   rPois:     It protects you from poison Will-: It decreases your willpower.
   +Blink:    It lets you blink.
Talismans
 w - a storm talisman (active)
Wands
 k - a wand of light (3) (quivered)
 l - a wand of roots (5)
Scrolls
 i - 2 scrolls of blinking
 m - 3 scrolls of fog
Potions
 c - a potion of might
 f - 4 potions of haste
 g - 2 potions of magic
 h - a potion of berserk rage
 j - a potion of resistance


   Skills:
 + Level 10.5 Fighting
 + Level 10.3 Axes
 + Level 10.2 Dodging
 + Level 10.2 Shields
 * Level 15.9 Invocations
 * Level 9.7 Shapeshifting


You had 10 spell levels left.
You didn't know any spells.
Your spell library was empty.

Dungeon Overview and Level Annotations

Branches:
Dungeon (1/1)

Altars:
Cheibriados
Dithmenos
Fedhas
Gozag
Kikubaaqudgha
Makhleb
Okawaru
Qazlal
Ru
Sif Muna
Trog
Uskayaw
Vehumet
Wu Jian
Xom
Yredelemnul
Zin
The Shining One
Lugonu

Shops:
D *[=??*?*:[((!!!!


Innate Abilities, Weirdness & Mutations

You are a lightning-filled tempest!
Your electrical attacks strike out in all directions at once.
You are incredibly evasive.
Your insubstantial body is immune to petrification, constriction, and being set on fire You are flying.
Your maximum health is decreased, since you lack skill for your form.
Your armour is entirely melded.
You are incapable of wielding weapons or throwing items.
You cannot wear most types of armour.
You are amphibious.
You can wear up to eight rings at the same time.
You are immune to poison.
((Your skin changes colour to match your surroundings (Stealth+).))
((Your rubbery body absorbs attacks. (AC +1, EV +1)))
((You are camouflaged when in or above water. (Stealth+)))
((You have tentacles for arms and can constrict up to eight enemies at once.))


Message History

You buffet the neqoxec!
The neqoxec is heavily wounded.
The neqoxec closely misses you.
You buffet the neqoxec!
The neqoxec is almost dead.
The neqoxec is engulfed in blazing flames.
You kill the neqoxec!
Qazlal accepts your kill.
You see here a +0 flail.
A rust devil comes into view.
The rust devil screeches!
The rust devil hits you. The rust devil corrodes you!
You buffet the rust devil!
The rust devil is lightly wounded.
The rust devil barely misses you.
You hit the rust devil.
The rust devil is moderately wounded.
You block the rust devil's attack.
You hit the rust devil but do no damage.
The rust devil is moderately wounded.
The rust devil misses you.
You buffet the rust devil!
The rust devil is heavily wounded.
The rust devil hits you.
Ouch! That really hurt!
The rust devil corrodes you!
Okay, then.
You feel better. The rust devil misses you.
The rust devil attacks as it pursues you!
You block the rust devil's attack.
The rust devil attacks as it pursues you!
You block the rust devil's attack.
You hit the rust devil.
The rust devil is heavily wounded.
The rust devil completely misses you.
You hit the rust devil but do no damage.
The rust devil is heavily wounded.
The rust devil hits you!
Ouch! That really hurt!
You die...

##........[.)))###.............
#⌠..........###...###..........
#⌠..........# #.<.# #..........
#⌠........[.###...###..........
##.............###.............
###∩........8.# #.8........∩##
##∩___....[☼###......__.∩##
######.8..°§.....8.######
#⌠.)..v......⌠# ###.§.4.....###
#_○).○☼.._# #_.§§.....#
#_......._# #∩.......∩#
##∩.....∩## ##.....## ##⌠⌠⌠##


You could see a rust devil.

Vanquished Creatures
  An arcanist (D)
  3 naga warriors (D)
  2 shock serpents (D)
  A rust devil (D)
  A black mamba (D)
  2 gargoyles (D)
  A naga mage (D)
  A neqoxec (D)
  A kobold brigand (D)
  A necrophage (D)
  An earth elemental (D)
  2 wights (D)
  3 iron imps (D)
  A worm (D)
  4 giant cockroaches (D)
  A goblin (D)
  2 hobgoblins (D)
  A jackal skeleton (D)
  2 quokka zombies (D)
31 creatures vanquished.

Notes
Turn   | Place    | Note
-------+----------+-------------------------------------------
     0 | D        | BigDaddyOpFi the Octopode Fighter began the quest for the
                  | Orb.
     0 | D        | Reached XP level 1. HP: 16/16 MP: 1/1
     3 | D        | Found a bloodstained altar of Trog.
     3 | D        | Found a glowing silver altar of Zin.
     5 | D        | Found a sacrificial altar of Ru.
     5 | D        | Found a stormy altar of Qazlal.
     5 | D        | Round 1.
     6 | D        | Found a burning altar of Makhleb.
     6 | D        | Found a blossoming altar of Fedhas.
     7 | D        | Found a glowing golden altar of the Shining One.
     7 | D        | Found a shadowy altar of Dithmenos.
     8 | D        | Found Jeckojireg's Timeless Talismans.
     8 | D        | Found a shimmering altar of Xom.
     8 | D        | Found a radiant altar of Vehumet.
     8 | D        | Found Zihops's Identification Station.
     9 | D        | Found Mubbadd's Jewellery.
     9 | D        | Found Cuwnuiwu's Advanced Armour.
     9 | D        | Found an ornate altar of the Wu Jian Council.
    10 | D        | Found Ewy Fove's Magic Scroll Shop.
    11 | D        | Found Daneffadd's Magic Scroll Shop.
    11 | D        | Found Mela Qyu's Must-Have Magic.
    15 | D        | Became a worshipper of Qazlal Stormbringer
    28 | D        | Bought a scorched platinum ring for 45 gold pieces
    28 | D        | Identified the ring "Nihuq" {Will+ Dex+7 Slay+6 Stlth-}
                  | (You bought it in a shop in the Dungeon)
    28 | D        | Bought a fine amber ring for 45 gold pieces
    28 | D        | Identified the ring of Abitacs {rF- AC+4 Str+6 SInv} (You
                  | bought it in a shop in the Dungeon)
    28 | D        | Bought a coiled ivory amulet for 45 gold pieces
    28 | D        | Identified the amulet of Pudoag Olig {Regen+ Str-5 Int+2
                  | Dex+5} (You bought it in a shop in the Dungeon)
    28 | D        | Bought a fine turquoise ring for 45 gold pieces
    28 | D        | Identified the ring "Xecw" {Will+ AC+4} (You bought it in a
                  | shop in the Dungeon)
    62 | D        | Found a shimmering blue altar of Sif Muna.
    67 | D        | Found an opulent altar of Gozag.
    70 | D        | Reached * piety under Qazlal
    71 | D        | Found a hide-covered altar of Uskayaw.
    72 | D        | Found Juixt's Premium Goods.
    87 | D        | Found a snail-covered altar of Cheibriados.
    87 | D        | Found Yrchem's Weapon Rack.
    88 | D        | Found Vadgh's Miscellaneous Merchandise.
    88 | D        | Found Otiriq's Basic Armour.
    92 | D        | Arena points: 12 (+12) [x2]
    93 | D        | Reached XP level 2. HP: 21/21 MP: 2/2
   150 | D        | Round 2.
   181 | D        | Noticed Pikel
   184 | D        | Reached ** piety under Qazlal
   198 | D        | Reached skill level 1 in Invocations
   199 | D        | Noticed a kobold brigand
   201 | D        | Found an ancient bone altar of Kikubaaqudgha.
   201 | D        | Found Kilacwun's Staff Store.
   207 | D        | Killed a kobold brigand
   208 | D        | Reached skill level 4 in Invocations
   208 | D        | Reached XP level 3. HP: 27/27 MP: 2/6
   208 | D        | Reached XP level 4. HP: 34/34 MP: 2/7
   266 | D        | Arena points: 22 (+10) [x1]
   281 | D        | Round 3.
   294 | D        | Reached *** piety under Qazlal
   294 | D        | Noticed a necrophage
   295 | D        | Reached skill level 5 in Fighting
   295 | D        | Reached skill level 5 in Dodging
   295 | D        | Reached skill level 5 in Shields
   295 | D        | Reached skill level 5 in Invocations
   295 | D        | Reached XP level 5. HP: 39/39 MP: 7/9
   302 | D        | Reached skill level 5 in Axes
   302 | D        | Reached skill level 6 in Invocations
   310 | D        | Reached **** piety under Qazlal
   311 | D        | Reached skill level 7 in Invocations
   311 | D        | Reached XP level 6. HP: 40/46 MP: 9/11
   314 | D        | Arena points: 64 (+42) [x2]
   360 | D        | Round 4.
   362 | D        | Noticed a rust devil
   374 | D        | Killed a rust devil
   375 | D        | Reached skill level 9 in Invocations
   375 | D        | Reached XP level 7. HP: 50/54 MP: 11/14
   405 | D        | Noticed a gargoyle
   415 | D        | Reached ***** piety under Qazlal
   416 | D        | Killed a gargoyle
   417 | D        | Reached skill level 10 in Invocations
   417 | D        | Reached XP level 8. HP: 43/61 MP: 11/15
   423 | D        | Noticed a gargoyle
   428 | D        | Killed a gargoyle
   450 | D        | Found an iron altar of Okawaru.
   451 | D        | Found Zugaomou's Distillery.
   453 | D        | Found Gahobuf's Distillery.
   453 | D        | Found Adweizeclu's Bottled Wisdom.
   453 | D        | Found a corrupted altar of Lugonu.
   453 | D        | Found a basalt altar of Yredelemnul.
   453 | D        | Found Buag's Do-It-Yourself Clinic.
   480 | D        | Reached skill level 11 in Invocations
   499 | D        | Arena points: 160 (+96) [x3]
   517 | D        | Bought a vibrating turquoise ring for 45 gold pieces
   517 | D        | Identified the ring of the Morning {rF+ Will+ Str+3} (You
                  | bought it in a shop in the Dungeon)
   517 | D        | Bought a vibrating glass ring for 45 gold pieces
   517 | D        | Identified the ring of the Shining Light {Str+3 Int+6 SInv}
                  | (You bought it in a shop in the Dungeon)
   517 | D        | Bought a sparkling turquoise ring for 45 gold pieces
   517 | D        | Identified the ring of Pojuntel {rF+ MP+9 Dex+2} (You
                  | bought it in a shop in the Dungeon)
   517 | D        | Bought a shimmering pewter ring for 45 gold pieces
   517 | D        | Identified the ring "Etuu" {Fly rC+ MP+9} (You bought it in
                  | a shop in the Dungeon)
   517 | D        | Bought a serpentine steel ring for 45 gold pieces
   517 | D        | Identified the ring of Immorality {+Blink rElec rPois Will-
                  | Slay+4} (You bought it in a shop in the Dungeon)
   554 | D        | Round 5.
   565 | D        | Noticed a witch
   570 | D        | Noticed a four-headed hydra
   573 | D        | Killed a witch
   573 | D        | Arena points: 360 (+200) [x5]
   574 | D        | Reached skill level 5 in Shapeshifting
   574 | D        | Reached XP level 9. HP: 53/67 MP: 17/17
   576 | D        | Got a decaying rune of Zot
   584 | D        | Reached XP level 10. HP: 71/74 MP: 18/18
   740 | D        | Round 6.
   740 | D        | Noticed a shock serpent
   741 | D        | Noticed a naga warrior
   741 | D        | Noticed a naga warrior
   742 | D        | Noticed a black mamba
   744 | D        | Noticed a shock serpent
   750 | D        | Killed a shock serpent
   751 | D        | Reached skill level 12 in Invocations
   754 | D        | Killed a shock serpent
   755 | D        | Reached skill level 13 in Invocations
   757 | D        | Killed a black mamba
   758 | D        | Noticed a naga mage
   759 | D        | Noticed a naga warrior
   768 | D        | Killed a naga warrior
   769 | D        | Reached skill level 10 in Fighting
   769 | D        | Reached skill level 14 in Invocations
   776 | D        | Killed a naga warrior
   777 | D        | Reached skill level 10 in Axes
   777 | D        | Reached skill level 10 in Dodging
   777 | D        | Reached skill level 15 in Invocations
   777 | D        | Killed a naga warrior
   778 | D        | Reached skill level 10 in Shields
   778 | D        | Reached XP level 11. HP: 22/82 MP: 22/22
   782 | D        | Arena points: 648 (+288) [x6]
   811 | D        | Bought a storm talisman for 560 gold pieces
   817 | D        | Round 7.
   849 | D        | Slain by a rust devil

Illustrated notes

Levels and vault maps discovered:
D:        arena_sprint

Skill      XL: |  1  2  3  4  5  6  7  8  9 10 |
---------------+-------------------------------+-----
Axes           | 4 5 6 7 8 10 | 10.3
Invocations    | 4 5 7 9 10 11 15 | 15.9
Fighting       | 4 5 7 8 9 10 | 10.5
Dodging        | 4 5 7 8 10 | 10.2
Shields        | 4 5 7 8 10 | 10.2
Shapeshifting  | 3 5 7 9 |  9.7

Action                     |  1- 3 |  4- 6 |  7- 9 | 10-12 || total
---------------------------+-------+-------+-------+-------++-------
  Melee: War axe           |    15 |    18 |    25 |    20 ||    78
         Constrict         |     4 |     5 |     4 |     3 ||    16
         Tentacles         |     1 |     5 |     7 |     7 ||    20
         Punch             |       |     2 |     1 |     1 ||     4
         Unarmed           |       |       |       |    11 ||    11
 Invoke: Upheaval          |       |       |     2 |     2 ||     4
         Disaster Area     |       |       |       |     1 ||     1
  Evoke: Wand              |       |       |       |     2 ||     2
    Use: Potion            |       |       |     2 |     4 ||     6
         Scroll            |       |       |       |     2 ||     2
 Armour: Skin              |     3 |     7 |    12 |    20 ||    42
  Dodge: Dodged            |     6 |    10 |    12 |    25 ||    53
         Repelled          |       |       |     2 |     4 ||     6
  Block: Buckler           |     7 |     5 |     9 |    20 ||    41
         Other             |       |       |       |     5 ||     5
   Form: Storm             |       |       |       |     1 ||     1

Table legend: (Time is in decaauts)
 A = Elapsed time spent in this place.
 B = Non-inter-level travel time spent in this place.
 C = Inter-level travel time spent in this place.
 D = Time resting spent in this place.
 E = Time spent auto-exploring this place.
 F = Levels seen in this place.
 G = Mean time per level.
                   A        B        C        D        E       F      G
               +--------+--------+--------+--------+--------+-----+--------+
         Total |    860 |    860 |      0 |    356 |     11 |   1 |  860.0 |
       Dungeon |    860 |    860 |      0 |    356 |     11 |   1 |  860.0 |
               +--------+--------+--------+--------+--------+-----+--------+

Top non-repeatable levels by time:
       D: 860 daAuts
